 Dungeon Crawl Stone Soup version 0.27-a0-550-ge92ec0ca06 (webtiles) character file.

Game seed: 9715281612192660341

77 foci the Shield-Bearer (level 4, 0/28 HPs)
             Began as a Gargoyle Fighter on Mar 8, 2021.
             Killed from afar by Sigmund (2 damage)
             ... with a magic dart
             ... on level 2 of the Dungeon.
             The game lasted 00:01:43 (1199 turns).

foci the Shield-Bearer (Gargoyle Fighter)           Turns: 1199, Time: 00:01:45

Health: 0/28       AC: 12    Str: 21    XL:     4   Next: 34%
Magic:  4/4        EV:  7    Int:  8    God:
Gold:   64         SH:  9    Dex:  9    Spells: 3/3 levels left

rFire    . . .     SeeInvis .   a - +0 war axe
rCold    . . .     Faith    .   c - +0 kite shield
rNeg     + . .     Spirit   .   b - +0 scale mail
rPois    ∞         Reflect  .   g - +1 helmet
rElec    +         Harm     .   (no cloak)
rCorr    .         Rampage  .   (no gloves)
Will     .....                  (no boots)
Stlth    ..........             (no amulet)
HPRegen  0.09/turn              (no ring)
MPRegen  0.09/turn              (no ring)

@: no status effects
A: negative energy resistance 1, electricity resistance, torment resistance 1,
unbreathing 1, petrification resistance, AC +3
a: no special abilities


You were on level 2 of the Dungeon.
You visited 1 branch of the dungeon, and saw 2 of its levels.

You collected 64 gold pieces.

Inventory:

Hand Weapons
 a - a +0 war axe (weapon)
Armour
 b - a +0 scale mail (worn)
 c - a +0 kite shield (worn)
 g - a +1 helmet (worn)
Scrolls
 f - 3 scrolls of fear {unknown}
 i - a scroll of identify {unknown}
Potions
 d - a potion of might
 e - a potion of invisibility {unknown}
 h - a potion of flight {unknown}


   Skills:
 + Level 3.5 Fighting
 * Level 3.2 Axes
 + Level 3.6 Armour
 + Level 0.5 Dodging
 + Level 3.7 Shields


You had 3 spell levels left.
You didn't know any spells.
Your spell library was empty.

Dungeon Overview and Level Annotations

Branches:
Dungeon (2/15)

Altars:

Annotations:
D:2 Sigmund


Innate Abilities, Weirdness & Mutations

Your stone body is resilient. (AC +3)
You are immune to poison.
You resist negative energy. (rN+)
You are resistant to electric shocks. (rElec)
You are resistance to unholy torment.
You can survive without breathing.
You are immune to petrification.


Message History

You kill the gnoll!
The bat hits you. The bat hits you but does no damage.
Sigmund laughs darkly.
Sigmund barely misses you.
You barely miss the bat. The bat hits you. Sigmund hits you but does no damage.
You hit the bat but do no damage. You block the bat's attack.
The bat misses you. The bat hits you but does no damage.
Sigmund hits you but does no damage. x2
You slash the bat!
You kill the bat!
You block Sigmund's attack. You block the gnoll's attack.
Items here: ))) †††.
You closely miss Sigmund. You block the gnoll's attack.
Sigmund closely misses you. The gnoll hits you but does no damage.
You closely miss Sigmund. Sigmund hits you with a +0 scythe.
The gnoll hits you but does no damage.
You hit Sigmund.
Sigmund is lightly wounded.
The gnoll hits you but does no damage. Sigmund hits you with a +0 scythe.
The gnoll hits you but does no damage.
You hit Sigmund but do no damage.
Sigmund is lightly wounded.
Sigmund casts a spell at himself.
Sigmund flickers and vanishes!
Deactivating autopickup; reactivate with Ctrl-A.
The gnoll hits you but does no damage. Something hits you but does no damage.
You miss something. You block the gnoll's attack. The gnoll closely misses you.
You hear some strange, mumbled words.
A magic dart appears from out of thin air!
The magic dart hits you.
You miss something. The gnoll hits you but does no damage. Something hits you!
* * * LOW HITPOINT WARNING * * *
You closely miss something.
The gnoll hits you from afar with a +0 spear.
* * * LOW HITPOINT WARNING * * *
You hear some strange, mumbled words.
A magic dart appears from out of thin air!
The magic dart hits you.
You die...

...... .....
.... ### ...
..# ##.. #.#
.g. #.# #
###{###.##.##..
#...@....[.....
#.#####.###..#
##.## # ###...#
#.##.....#
##.#......##
+.............
##.#...#.#####
#...†)..#


You could see a gnoll.

Vanquished Creatures
  3 gnolls (D:2)
  An adder (D:2)
  A leopard gecko (D:1)
  4 giant cockroaches
  7 goblins
  5 hobgoblins
  6 jackals (D:1)
  4 bats
  2 frilled lizards (D:1)
  2 kobolds (D:1)
  2 rats
37 creatures vanquished.

Notes
Turn   | Place    | Note
-------+----------+-------------------------------------------
     0 | D:1      | foci the Gargoyle Fighter began the quest for the Orb.
     0 | D:1      | Reached XP level 1. HP: 14/14 MP: 1/1
    52 | D:1      | Reached XP level 2. HP: 15/19 MP: 2/2
   419 | D:1      | Reached XP level 3. HP: 23/23 MP: 3/3
  1181 | D:2      | Reached XP level 4. HP: 28/28 MP: 4/4
  1183 | D:2      | Noticed Sigmund
  1199 | D:2      | Killed from afar by Sigmund

Illustrated notes

Levels and vault maps discovered:
D:1:      psy_arrival_terrarium, layout_basic
D:2:      layout_loops_corners, nicolae_overflow_crystal_walls,
          kennysheep_pointless_box, glass_columns_a, hex_medium,
          kennysheep_slug_shrine, uniq_terence, uniq_sigmund, uniq_natasha

Skill      XL: |  1  2  3  4 |
---------------+-------------+-----
Axes           | 2 3 |  3.2
Fighting       | |  3.5
Armour         | |  3.6
Dodging        | |  0.5
Shields        | |  3.7

Action                   |  1- 3 |  4- 6 || total
-------------------------+-------+-------++-------
Melee: War axe           |   114 |    18 ||   132
Armor: Scale mail        |    86 |    14 ||   100
Dodge: Dodged            |    50 |     4 ||    54
Block: Kite shield       |    95 |    10 ||   105

Table legend: (Time is in decaauts)
 A = Elapsed time spent in this place.
 B = Non-inter-level travel time spent in this place.
 C = Inter-level travel time spent in this place.
 D = Time resting spent in this place.
 E = Time spent auto-exploring this place.
 F = Levels seen in this place.
 G = Mean time per level.
                   A        B        C        D        E       F      G
               +--------+--------+--------+--------+--------+-----+--------+
         Total |   1279 |   1263 |     16 |      0 |    914 |   2 |  639.5 |
       Dungeon |   1279 |   1263 |     16 |      0 |    914 |   2 |  639.5 |
               +--------+--------+--------+--------+--------+-----+--------+

Top non-repeatable levels by time:
     D:1: 1014 daAuts
     D:2: 265 daAuts
